 Dungeon Sprint DCSS version 0.26-a0-660-gc07710193c (webtiles) character file.

Game seed: 12954043158808712445

179 sahdkjhfkaj the Grappler (level 5, -1/57 HPs)
             Began as a Troll Monk on Oct 7, 2020.
             Was a High Priest of Cheibriados.
             Slain by a sky beast (3 damage)
             ... in the Dungeon (Sprint VII: "The Pits").
             The game lasted 00:00:52 (303 turns).

sahdkjhfkaj the Grappler (Troll Monk)                Turns: 303, Time: 00:00:52

Health: -1/57      AC:  6    Str: 32    XL:     5   Next: 32%
Magic:  4/4        EV: 14    Int: 18    God:    Cheibriados [*****.]
Gold:   0          SH:  0    Dex: 24    Spells: 4/4 levels left

rFire    . . .     SeeInvis .     - Unarmed
rCold    . . .     Faith    .   (no shield)
rNeg     . . .     Spirit   .   a - +0 robe
rPois    .         Reflect  .   (helmet restricted)
rElec    .         Harm     .   (no cloak)
rCorr    .         Rampage  .   (gloves unavailable)
MR       .....     NoTele   +   (boots unavailable)
Stlth    ++........             (no amulet)
HPRegen  0.59/turn              (no ring)
MPRegen  0.09/turn              (no ring)

@: lightly drained, very slow
A: large, unfitting armour, claws 3, regeneration 1, shaggy fur 1, tough skin 3
a: Bend Time, Temporal Distortion, Slouch, Step From Time, Renounce Religion


You were in the Dungeon.
You worshipped Cheibriados.
Cheibriados was extremely pleased with you.
You visited 1 branch

Inventory:

Armour
 a - a +0 robe (worn)
Scrolls
 g - a scroll of blinking
 i - 3 scrolls of remove curse
 j - 5 scrolls of amnesia
 k - a scroll of summoning
 l - 2 scrolls of vulnerability
Potions
 b - 6 potions of curing
 c - 6 potions of heal wounds
 d - a potion of haste
 e - 4 potions of magic
 f - 3 potions of berserk rage
 h - 2 potions of invisibility


   Skills:
 + Level 5.1(4.8) Fighting
 + Level 5.1(4.8) Dodging
 - Level 1.0(0.7) Stealth
 * Level 8.3(8.0) Unarmed Combat


You had 4 spell levels left.
You didn't know any spells.
Your spell library was empty.

Dungeon Overview and Level Annotations

Branches:
Dungeon (1/1)

Altars:
Ashenzari
Cheibriados
Dithmenos
Elyvilon
Fedhas
Gozag
Hepliaklqana
Kikubaaqudgha
Makhleb
Nemelex Xobeh
Okawaru
Qazlal
Ru
Sif Muna
Trog
Uskayaw
Vehumet
Wu Jian
Xom
Yredelemnul
Zin
The Shining One
Beogh
Jiyva
Lugonu


Innate Abilities, Weirdness & Mutations

You are too large for most types of armour.
You have claws for hands.
Your natural rate of healing is unusually fast.
You are covered in fur. (AC +1)
You have extremely tough skin. (AC +3)


Message History

Unknown command.
Unknown command.
Unknown command.
Unknown command.
Unknown command.
Unknown command.
Unknown command.
Unknown command.
Unknown command.
Unknown command.
Unknown command.
Unknown command.
Unknown command.
Unknown command.
Unknown command.
Unknown command.
The ufetubus closely misses you. x2; A sky beast appears from thin air!
Reactivating autopickup.
The sky beast hits you.
You die...

#.#..#).#..##.....
#.#.†'..#))#####'#
#.#.†####))##.....
#.#..#..#))##.....
#.#..#..#[[##.....
#.##'#..#'###...<.
#.#........##.....
#.#...)....##.....
#@###########.....
#Y5zG...# ######
#K)#z#..# #.##J# #
#.. z. #.# .## #..
.# #.. .. ## ##


You could see a sky beast, a big kobold, a floating eye (charged), 2 wights and
an ufetubus.

Vanquished Creatures
  2 wights (D)
  An iguana (D)
  2 worker ants (D)
  An adder (D)
  An ufetubus (D)
  An adder zombie (D)
  A hobgoblin (D)
  2 jackals (D)
  A giant cockroach zombie (D)
  A kobold (D)
13 creatures vanquished.

Notes
Turn   | Place    | Note
-------+----------+-------------------------------------------
     0 | D        | sahdkjhfkaj the Troll Monk began the quest for the Orb.
     0 | D        | Reached XP level 1. HP: 22/22 MP: 0/0
    20 | D        | Found a bloodstained altar of Trog.
    20 | D        | Found a shimmering blue altar of Sif Muna.
    20 | D        | Found a viscous altar of Jiyva.
    20 | D        | Found a hazy altar of Hepliaklqana.
    20 | D        | Found an opulent altar of Gozag.
    21 | D        | Found a glowing golden altar of the Shining One.
    21 | D        | Found a glowing silver altar of Zin.
    21 | D        | Found a basalt altar of Yredelemnul.
    21 | D        | Found a shimmering altar of Xom.
    21 | D        | Found an ornate altar of the Wu Jian Council.
    21 | D        | Found a sacrificial altar of Ru.
    21 | D        | Found a stormy altar of Qazlal.
    21 | D        | Found an iron altar of Okawaru.
    21 | D        | Found a sparkling altar of Nemelex Xobeh.
    21 | D        | Found a burning altar of Makhleb.
    21 | D        | Found a blossoming altar of Fedhas.
    21 | D        | Found a white marble altar of Elyvilon.
    21 | D        | Found a shadowy altar of Dithmenos.
    21 | D        | Found a snail-covered altar of Cheibriados.
    22 | D        | Found a radiant altar of Vehumet.
    22 | D        | Found a corrupted altar of Lugonu.
    22 | D        | Found a roughly hewn altar of Beogh.
    23 | D        | Found a hide-covered altar of Uskayaw.
    23 | D        | Found an ancient bone altar of Kikubaaqudgha.
    23 | D        | Found a broken altar of Ashenzari.
    30 | D        | Became a worshipper of Cheibriados the Contemplative
    30 | D        | Reached * piety under Cheibriados
    30 | D        | Reached ** piety under Cheibriados
    63 | D        | Noticed a worker ant
    67 | D        | Killed a worker ant
    67 | D        | Reached skill level 5 in Unarmed Combat
    67 | D        | Reached XP level 2. HP: 8/31 MP: 1/1
   145 | D        | Reached *** piety under Cheibriados
   145 | D        | Reached XP level 3. HP: 36/37 MP: 2/2
   149 | D        | Reached **** piety under Cheibriados
   188 | D        | Reached skill level 6 in Unarmed Combat
   190 | D        | Reached XP level 4. HP: 28/48 MP: 3/3
   193 | D        | Reached ***** piety under Cheibriados
   287 | D        | Noticed a big kobold
   291 | D        | Reached skill level 7 in Unarmed Combat
   291 | D        | Reached XP level 5. HP: 55/55 MP: 4/4
   293 | D        | Noticed a sky beast
   296 | D        | Reached skill level 5 in Fighting
   296 | D        | Reached skill level 5 in Dodging
   296 | D        | Reached skill level 8 in Unarmed Combat
   297 | D        | Noticed a floating eye
   300 | D        | Paralysed by a floating eye for 3 turns
   302 | D        | HP: 1/57 [ufetubus (2)]
   303 | D        | Slain by a sky beast

Illustrated notes

Levels and vault maps discovered:
D:        pitsprint [storerooms_1, entrance_room_1, metal_vault_3, armoury_3,
          mini_pit_1, grid_room_1, main_hall_1, silver_pit, the_coven_3,
          the_vestibule_1, steel_vault_4, golden_pit, hallway_of_sentries,
          crystal_vault_5, iron_vault_2, final_vault]

Skill      XL: |  1  2  3  4  5 |
---------------+----------------+-----
Fighting       | 3 4 5 |  5.1
Dodging        | 3 4 5 |  5.1
Unarmed Combat | 5 6 7 8 |  8.3
Stealth        | |  1.0

Action                   |  1- 3 |  4- 6 || total
-------------------------+-------+-------++-------
Melee: Unarmed           |    26 |    13 ||    39
       Punch             |     1 |       ||     1
Armor: Robe              |    20 |    17 ||    37
Dodge: Dodged            |    30 |    19 ||    49

Table legend: (Time is in decaauts)
 A = Elapsed time spent in this place.
 B = Non-inter-level travel time spent in this place.
 C = Inter-level travel time spent in this place.
 D = Time resting spent in this place.
 E = Time spent auto-exploring this place.
 F = Levels seen in this place.
 G = Mean time per level.
                   A        B        C        D        E       F      G
               +--------+--------+--------+--------+--------+-----+--------+
         Total |    352 |    352 |      0 |     91 |    131 |   1 |  352.0 |
       Dungeon |    352 |    352 |      0 |     91 |    131 |   1 |  352.0 |
               +--------+--------+--------+--------+--------+-----+--------+

Top non-repeatable levels by time:
       D: 352 daAuts
